 Dungeon Crawl Stone Soup version 0.23.2-33-g5129a83 (webtiles) character file.

Game seed: 15728193942289619688

41 Fortress the Chopper (level 3, -2/34 HPs)
             Began as a Deep Dwarf Berserker on June 29, 2019.
             Was a Believer of Trog.
             Slain by a gnoll
             ... wielding a +0 whip
              (5 damage)
             ... on level 2 of the Dungeon.
             The game lasted 00:03:34 (494 turns).

Fortress the Chopper (Deep Dwarf Berserker)          Turns: 494, Time: 00:03:35

Health: -2/34      AC:  2    Str: 21    XL:     3   Next: 32%
Magic:  3/3        EV: 13    Int:  7    God:    Trog [**....]
Gold:   45         SH:  0    Dex: 12    Spells: 2/2 levels left

rFire    . . .     SeeInvis .   h - +0 whip (elec)
rCold    . . .     Gourm    .   (no shield)
rNeg     . . .     Faith    .   b - +0 animal skin
rPois    .         Spirit   .   (no helmet)
rElec    .         Reflect  .   (no cloak)
rCorr    .         Harm     .   (no gloves)
MR       ++...                  (no boots)
Stlth    +.........             (no amulet)
HPRegen  1.00/turn              (no ring)
MPRegen  0.08/turn              (no ring)

@: lethally poisoned (-2 -> -2), non-regenerating
A: damage resistance, heal wounds, sense surroundings 1, no regeneration
a: Heal Wounds, Berserk, Trog's Hand, Renounce Religion


You were on level 2 of the Dungeon.
You worshipped Trog.
Trog was pleased with you.
You were not hungry.

You visited 1 branch of the dungeon, and saw 2 of its levels.

You collected 45 gold pieces.

Inventory:

Hand Weapons
 a - a +0 hand axe
 h - a +0 whip of electrocution (weapon)
Missiles
 d - 31 stones (quivered)
 l - 16 poisoned needles
Armour
 b - a +0 animal skin (worn)
Scrolls
 e - 3 scrolls of blinking {unknown}
 f - a scroll of enchant weapon {unknown}
 i - a scroll of identify {unknown}
 j - a scroll of remove curse {unknown}
Potions
 g - a potion of heal wounds {unknown}
 k - a potion of curing {unknown}
 m - a potion of might {unknown}
Comestibles
 c - 3 rations


   Skills:
 + Level 3.2 Fighting
 + Level 4.0 Axes
 + Level 0.2(2.2) Maces & Flails
 + Level 2.3 Armour
 + Level 2.6 Dodging


You had 2 spell levels left.
You didn't know any spells.
Your spell library was empty.

Dungeon Overview and Level Annotations

Branches:
Dungeon (2/15)

Altars:
Dithmenos


Innate Abilities, Weirdness & Mutations

You are resistant to damage.
You can heal yourself by infusing magical energy.
You passively map a small area around you.
You do not regenerate.


Message History

The gnoll hits you from afar with a +0 spear.
* * * LOW HITPOINT WARNING * * *
You hit the adder.
The adder is moderately wounded.
The adder bites you.
* * * LOW HITPOINT WARNING * * *
You hit the adder but do no damage. Lightning courses through the adder!
You kill the adder!
Trog accepts your kill.
Your Axes skill increases to level 4!
The quokka barely misses you.
You hit the quokka. Lightning courses through the quokka!
You kill the quokka!
Trog accepts your kill. The gnoll barely misses you.
The gnoll hits you but does no damage.
Your skin crawls.
You feel resistant to hostile enchantments.
You feel somewhat more hungry. The gnoll closely misses you.
The gnoll completely misses you. The gnoll hits you with a +0 whip.
You die...

## , * ** * .... , , ,
, .... * ######, *
#...##### #<...# . *
#......########.#
#..*##..##...........#
#..#.. ##.###########
##.....##gg### *
......(..g.@.# * , ,*
.........##..# * * *
#..._...####.#
.........* ,.#*
,......... .. , * *
##.....##.,*### ,
#..#..* # , , , !.###.
* * ,


You could see 3 gnolls.

Vanquished Creatures
  An adder (D:2)
  A dart slug (D:1)
  4 bats (D:1)
  3 giant cockroaches (D:1)
  7 hobgoblins (D:1)
  2 kobolds (D:1)
  A quokka (D:2)
  A ball python (D:1)
  A frilled lizard (D:1)
  7 rats (D:1)
28 creatures vanquished.

Notes
Turn   | Place    | Note
-------+----------+-------------------------------------------
     0 | D:1      | Fortress the Deep Dwarf Berserker began the quest for the
                  | Orb.
     0 | D:1      | Reached XP level 1. HP: 20/20 MP: 1/1
    81 | D:1      | Reached XP level 2. HP: 16/27 MP: 2/2
   346 | D:1      | Reached XP level 3. HP: 28/34 MP: 3/3
   396 | D:1      | Reached ** piety under Trog
   479 | D:2      | Found a shadowy altar of Dithmenos.
   491 | D:2      | Reached skill level 4 in Axes
   494 | D:2      | Slain by a gnoll

Skill      XL: |  1  2  3 |
---------------+----------+-----
Fighting       | 3 |  3.2
Axes           | 4 |  4.0
Maces & Flails | |  0.2
Armour         | |  2.3
Dodging        | |  2.6

Action                   || total
-------------------------++-------
Melee: Hand axe          ||    27
       Whip              ||    37
Invok: Trog's Hand       ||     1
 Abil: Heal Wounds       ||     2
 Stab: Sleeping          ||     3
Armor: Animal skin       ||    14
Dodge: Dodged            ||    63
